 Dungeon Crawl Stone Soup version 0.22.0-38-g04b72b8 (webtiles) character file.

94 leisz the Skirmisher (level 4, 0/36 HPs)
             Began as a Demonspawn Abyssal Knight on Aug 26, 2018.
             Was a Believer of Lugonu.
             Slain by a hobgoblin
             ... wielding a +0 club
             ... led by Robin
              (5 damage)
             ... on level 3 of the Dungeon.
             The game lasted 00:08:16 (1573 turns).

leisz the Skirmisher (Demonspawn Abyssal Knight)    Turns: 1573, Time: 00:08:17

Health: 0/36       AC: 11    Str: 13    XL:     4   Next: 38%
Magic:  3/5        EV: 11    Int:  9    God:    Lugonu [**....]
Gold:   117        SH:  2    Dex: 13    Spells: 3/3 levels left

rFire    . . .     SeeInvis .   f - +2 flail "Potebut" {crush, rC++ Int-4}
rCold    + + .     Gourm    .   (no shield)
rNeg     . . .     Faith    .   s - +0 ring mail
rPois    +         Spirit   .   (helmet restricted)
rElec    .         Reflect  +   m - +2 cloak
rCorr    .         Harm     .   k - +0 pair of gloves
MR       .....                  (no boots)
Stlth    +.........             l - +2 amulet of reflection
HPRegen  0.12/turn              h - ring of poison resistance
MPRegen  0.09/turn              (no ring)

@: no status effects
A: antennae 1, yellow scales 1
a: Depart the Abyss, Bend Space, Renounce Religion


You were on level 3 of the Dungeon.
You worshipped Lugonu.
Lugonu was pleased with you.
You were not hungry.

You visited 1 branch of the dungeon, and saw 3 of its levels.
You visited the Abyss 1 time.

You collected 117 gold pieces.

Inventory:

Hand Weapons
 a - a +1 falchion
 f - the +2 flail "Potebut" (weapon) {crush, rC++ Int-4}
   (You found it on level 2 of the Abyss)

   It inflicts extra damage upon your enemies.
   It affects your intelligence (-4).
   It greatly protects you from cold.
Missiles
 d - 22 stones (quivered)
 e - 6 javelins
Armour
 b - a +0 leather armour
 k - a +0 pair of gloves (worn)
 m - a +2 cloak (worn)
 s - a +0 ring mail (worn)
Jewellery
 h - a ring of poison resistance (left hand)
 l - a +2 amulet of reflection (around neck)
Scrolls
 i - 5 scrolls of remove curse {unknown}
 n - a scroll of enchant armour {unknown}
 o - 6 scrolls of teleportation {unknown}
 r - a scroll of magic mapping {unknown}
Potions
 g - a potion of heal wounds {unknown}
 j - a potion of might
 p - 2 potions of agility {unknown}
 q - 2 potions of degeneration {unknown}
Comestibles
 c - 6 rations
 t - a chunk of flesh


   Skills:
 + Level 3.6 Fighting
 - Level 1.7 Long Blades
 + Level 1.6 Maces & Flails
 + Level 2.5 Armour
 + Level 2.0 Dodging
 - Level 2.5 Invocations


You had 3 spell levels left.
You didn't know any spells.
Your spell library was empty.

Dungeon Overview and Level Annotations

Branches:
Dungeon (3/15)

Altars:


Innate Abilities, Weirdness & Mutations

You have a pair of small antennae on your head.
You are partially covered in yellow scales. (AC +2)


Message History

The leopard gecko bites you but does no damage.
You miss the quokka.
The goblin no longer looks unusually strong.
The quokka barely misses you.
The leopard gecko completely misses you.
The quokka bites you but does no damage.
You sock the quokka!
You kill the quokka!
Lugonu accepts your kill. The leopard gecko barely misses you.
The leopard gecko closely misses you.
The orc priest mumbles some strange prayers to Beogh against you.
Beogh smites you!
* * * LOW HITPOINT WARNING * * *
Okay, then.
Space bends around you!
You blink.
An adder comes into view.
The adder hisses angrily.
The goblin no longer looks unusually strong.
The hobgoblin hits you with a club.
You die...

# #### . {#[$# . #.
{#ยง$# .# #.# #Jl# .#
### ...#og# .. ..
.....#.#g'#o#.#.
#.######.##.[.gggo...S.
....#...#.# #@##. .
..8...8.#.# #(####....
#.. #...#.####
#)({g.o..(
##.###.......#
#.####.##.
#...#....###.# #.#
..8...8..# #.# #.#
#...#...## #.# #.#
##.###.### #.###.####.#
#...#....###..........#


You could see an orc priest, an ooze, an adder, 2 orcs, a leopard gecko, a
hobgoblin and 4 goblins.

Vanquished Creatures
  Robin (D:3)
  2 adders (D:2)
  A worm (D:2)
  4 dart slugs
  3 leopard geckos
  An orc (D:3)
  12 bats
  A giant cockroach (D:1)
  8 goblins
  3 hobgoblins
  A jackal (D:1)
  2 kobolds
  3 quokkas (D:3)
  A ball python (D:2)
  4 rats (D:1)
47 creatures vanquished.

Notes
Turn   | Place    | Note
-------+----------+-------------------------------------------
     0 | Abyss:1  | leisz the Demonspawn Abyssal Knight began the quest for the Orb.
     0 | Abyss:1  | Reached XP level 1. HP: 18/18 MP: 2/2
    58 | Abyss:1  | Found a shimmering altar of Xom.
    61 | Abyss:1  | Found a corrupted altar of Lugonu.
   108 | Abyss:2  | Got a slimy flail
   117 | D:1      | Escaped the Abyss
   118 | D:1      | Identified the +2 flail "Potebut" {crush, rC++ Int-4} (You found it on level 2 of the Abyss)
   238 | D:1      | Reached * piety under Lugonu
   238 | D:1      | Reached skill level 1 in Dodging
   359 | D:1      | Gained mutation: You are partially covered in yellow scales. (AC +2) [demonic ancestry]
   359 | D:1      | Reached XP level 2. HP: 22/24 MP: 3/3
   647 | D:1      | Reached skill level 1 in Maces & Flails
   819 | D:2      | Gained mutation: You have a pair of small antennae on your head. [demonic ancestry]
   819 | D:2      | Reached XP level 3. HP: 29/29 MP: 4/4
  1020 | D:2      | Reached ** piety under Lugonu
  1063 | D:2      | Reached XP level 4. HP: 26/35 MP: 5/5
  1560 | D:3      | Noticed Robin
  1568 | D:3      | Killed Robin
  1573 | D:3      | Slain by a hobgoblin

Skill      XL: |  1  2  3  4 |
---------------+-------------+-----
Dodging        | 1 2 |  2.0
Armour         | 2 |  2.5
Maces & Flails | 1 |  1.6
Fighting       | |  3.6
Long Blades    | |  1.7
Invocations    | |  2.5

Action                   |  1- 3 |  4- 6 || total
-------------------------+-------+-------++-------
Melee: Flail             |    85 |    44 ||   129
Throw: Stone             |    52 |    17 ||    69
Invok: Depart the Abyss  |     1 |       ||     1
       Bend Space        |       |     2 ||     2
  Eat: Chunk             |     1 |     1 ||     2
Armor: Leather armour    |    44 |    23 ||    67
       Ring mail         |       |    18 ||    18
Dodge: Dodged            |    75 |    44 ||   119
Block: Other             |     2 |     3 ||     5
